 Dungeon Crawl Stone Soup version 0.31-a0-210-gccc998df9b (webtiles) character file.

Game seed: 7968818691164594149

92 qw the Chopper (level 4, -1/28 HPs)
             Began as a Gargoyle Fighter on June 30, 2023.
             Slain by a gnoll
             ... wielding a +0 spear
             ... led by a gnoll sergeant
              (2 damage)
             ... on level 3 of the Dungeon.
             The game lasted 00:00:50 (1856 turns).

qw the Chopper (Gargoyle Fighter)                   Turns: 1856, Time: 00:00:50

Health: -1/28      AC: 10    Str: 22    XL:     4   Next: 60%
Magic:  4/4        EV:  9    Int:  8    God:
Gold:   101        SH:  4    Dex:  9    Spells: 3/3 levels left

rFire   . . .        Y - +0 war axe
rCold   . . .        c - +0 buckler
rNeg    + . .        b - +0 scale mail
rPois   inf          (no helmet)
rElec   +            (no cloak)
rCorr   .            (no gloves)
SInv    .            (no boots)
Will    .....        (no amulet) Stlth
                     (no ring)
HPRegen 0.24/turn    (no ring)
MPRegen 0.09/turn

%: no passive effects
@: no status effects
A: sickness immunity, AC +3, negative energy resistance 1, electricity
resistance, torment resistance 1, petrification resistance
a: no special abilities


You were on level 3 of the Dungeon.
You visited 1 branch of the dungeon, and saw 3 of its levels.

You collected 101 gold pieces.


Innate Abilities, Weirdness & Mutations

You are immune to sickness and miasma.
Your stone body is resilient. (AC +3)
You are immune to poison.
You resist negative energy. (rN+)
You are resistant to electric shocks. (rElec)
You are resistant to unholy torment.
You are immune to petrification.


   Skills:
 - Level 3.2 Fighting
 + Level 4.0 Axes
 - Level 1.0 Throwing
 - Level 3.2 Armour
 - Level 3.2 Shields


You had 3 spell levels left.
You didn't know any spells.
Your spell library was empty.

Inventory:

Hand Weapons
 i - a +0 flail
 Y - a +0 war axe (weapon)
Missiles
 j - 4 silver javelins (quivered)
Armour
 b - a +0 scale mail (worn)
 c - a +0 buckler (worn)
Scrolls
 e - a scroll of enchant weapon {unknown}
 g - a scroll of identify
Potions
 a - a potion of enlightenment {unknown}
 d - a potion of might
 f - a potion of lignification {unknown}
 k - a potion of curing {unknown}

Dungeon Overview and Level Annotations

Branches:
Dungeon (3/15)

Altars:
Fedhas
Qazlal


Message History

The gnoll hits you from afar with a +0 spear.
You closely miss the gnoll.
The gnoll is severely wounded.
You block the gnoll's attack.
You completely miss the gnoll.
The gnoll is severely wounded.
The gnoll hits you but does no damage.
You slash the gnoll!
You kill the gnoll!
The gnoll sergeant barely misses you. The gnoll sergeant closely misses you.
Your Axes skill increases to level 4!
The gnoll sergeant hits you with a +0 trident.
The gnoll closely misses you.
Enter note:
Enter note:
Enter note:
Enter note:
Enter note:
Enter note:
Enter note:
Enter note:
Enter note:
Enter note:
Enter note:
Enter note:
Enter note:
Enter note:
Enter note: You hit the gnoll sergeant but do no damage.
The gnoll sergeant completely misses you.
The gnoll hits you from afar with a +0 spear.
You hit the gnoll sergeant.
The gnoll sergeant is lightly wounded.
The gnoll sergeant hits you with a +0 trident!
The gnoll barely misses you. The gnoll sergeant blocks your attack.
The gnoll sergeant is lightly wounded.
The gnoll sergeant hits you but does no damage.
The gnoll hits you from afar with a +0 spear. x2
You die...

.# # ##.# #. ...# #.
...# ##### #.. #.. #
....# #..##.## .#
....# #.g.g..# ~.#
....###.# #@).#.~~#
........ #..#....~~.#
....### #..#..##~#.#
#.....# #..#..# #
#.###.#######..#..#
#.#............#..#
#.#.#.########.#..####
..#.#.# #......#.....#
###.#.###.###....###.#


You could see a gnoll sergeant and a gnoll.

Vanquished Creatures
  2 gnolls (D:3)
  3 adders
  A worm (D:3)
  3 orcs (D:3)
  2 bats
  3 endoplasms
  3 giant cockroaches
  6 goblins
  5 hobgoblins
  A quokka (D:1)
  A ball python (D:1)
  2 frilled lizards (D:3)
  2 kobolds
  8 rats
42 creatures vanquished.

Notes
Turn   | Place    | Note
-------+----------+-------------------------------------------
     0 | D:1      | qw the Gargoyle Fighter began the quest for the Orb.
     0 | D:1      | Reached XP level 1. HP: 14/14 MP: 1/1
     0 | D:1      | 0 ||| qw: Version: 0.3-a-24-ga2abf7b
     0 | D:1      | 0 ||| qw: Game counter: 7066
     0 | D:1      | 0 ||| qw: Melee chars always use a shield: true
     0 | D:1      | 0 ||| qw: God list: Okawaru
     0 | D:1      | 0 ||| qw: Allow faded altars: false
     0 | D:1      | 0 ||| qw: Do Orc after clearing Dungeon:15 true
     0 | D:1      | 0 ||| qw: Do second Lair branch before Depths: true
     0 | D:1      | 0 ||| qw: Lair rune preference: random
     0 | D:1      | 0 ||| qw: Goals: Normal, Zot:1-4, Slime:5, God:TSO, Crypt,
                  | Tomb, Abyss, Pan, Hells, Win
     0 | D:1      | 0 ||| PLANNING D:1-11
    17 | D:1      | 17 ||| Stepping ~*~*~tactically~*~*~ (stealth).
    21 | D:1      | Reached skill level 2 in Axes
   110 | D:1      | Reached XP level 2. HP: 19/19 MP: 2/2
   272 | D:1      | 272 ||| DROPPING +0 club.
   528 | D:1      | 528 ||| READING scroll labelled ZYAMUI TIQEGIBB.
   529 | D:1      | 529 ||| READING scroll labelled XIMYPA LIEWNA.
   530 | D:1      | 530 ||| READING 2 scrolls labelled UTIHAE MASOWUO.
   531 | D:1      | 531 ||| READING scroll labelled GAVIMM HECHEET.
   761 | D:2      | Reached skill level 3 in Axes
   761 | D:2      | Reached XP level 3. HP: 22/23 MP: 3/3
  1355 | D:2      | 1355 ||| DROPPING ring of wizardry.
  1356 | D:2      | 1356 ||| READING scroll labelled ASIT ASAKKUIWI.
  1357 | D:2      | 1357 ||| READING scroll labelled UFREX BYEWITOI.
  1358 | D:2      | 1358 ||| READING 2 scrolls of identify.
  1358 | D:2      | 1358 ||| IDENTIFYING inky potion
  1359 | D:2      | 1359 ||| DROPPING potion of brilliance.
  1363 | D:3      | 1363 ||| Stepping ~*~*~tactically~*~*~ (hiding).
  1364 | D:3      | 1364 ||| Stepping ~*~*~tactically~*~*~ (hiding).
  1451 | D:3      | Reached skill level 1 in Throwing
  1453 | D:3      | 1453 ||| DROPPING +0 whip.
  1659 | D:3      | Reached XP level 4. HP: 28/28 MP: 4/4
  1662 | D:3      | 1662 ||| Stepping ~*~*~tactically~*~*~ (water).
  1700 | D:3      | Found a stormy altar of Qazlal.
  1704 | D:3      | Noticed a bullfrog
  1704 | D:3      | 1704 ||| Stepping ~*~*~tactically~*~*~ (stealth).
  1708 | D:3      | Found a blossoming altar of Fedhas.
  1847 | D:3      | Noticed a gnoll sergeant
  1853 | D:3      | Reached skill level 4 in Axes
  1855 | D:3      | HP: 5/28 [gnoll sergeant/+0 trident (12)]
  1856 | D:3      | HP: 1/28 [gnoll/+0 spear[a gnoll sergeant] (4)]
  1856 | D:3      | Slain by a gnoll

Levels and vault maps discovered:
D:1:      wander_arrival_chamber, layout_rooms, serial_glass, glass_columns_b,
          glass_columns_c, chequers_serial_rivers_room_a
D:2:      layout_basic, chequers_serial_rivers_large_b, roderic_roman_lattice
D:3:      layout_basic, grunt_temple_overflow_forces_of_nature, serial_rivers,
          chequers_serial_rivers_marsh, chequers_serial_rivers_micro_c,
          chequers_serial_rivers_small_a, chequers_serial_rivers_micro_d,
          chequers_serial_rivers_large_a, amcnicky_mini_corridor_feature,
          minmay_surrounded

Skill      XL: |  1  2  3  4 |
---------------+-------------+-----
Axes           | 2 3 4 |  4.0
Throwing       | 1 |  1.0
Fighting       | |  3.2
Armour         | |  3.2
Shields        | |  3.2

Action                     |  1- 3 |  4- 6 || total
---------------------------+-------+-------++-------
  Melee: War axe           |    80 |    14 ||    94
  Throw: Javelin           |    29 |     6 ||    35
    Use: Scroll            |     7 |       ||     7
 Armour: Scale mail        |    37 |     7 ||    44
  Dodge: Dodged            |    27 |     7 ||    34
  Block: Buckler           |    19 |     2 ||    21

Table legend:
 A = Non-vault XP
 B = Vault XP
 C = Vault XP percentage of total XP
 D = Non-vault monster count
 E = Vault monster count
 F = Vault count percentage of total count
                 A         B        C        D         E       F
            +---------+---------+-------+---------+---------+-------
      Total |     116 |      16 |  12.1 |      39 |       3 |   7.1
            +---------+---------+-------+---------+---------+-------
        D:1 |      23 |       0 |   0.0 |      14 |       0 |   0.0
        D:2 |      29 |       0 |   0.0 |      11 |       0 |   0.0
        D:3 |      64 |      16 |  20.0 |      14 |       3 |  17.6
            +---------+---------+-------+---------+---------+-------
